 Dungeon Crawl Stone Soup version 0.31-a0-982-g1816016f30 (webtiles) character file.

Game seed: 6650478232939420031

737 BinkBink the Ducker (level 7, -1/56 HPs)
             Began as a Merfolk Monk on Nov 2, 2023.
             Was a Believer of Qazlal.
             Slain by Prince Ribbit (11 damage)
             ... on level 5 of the Dungeon.
             The game lasted 00:06:41 (4232 turns).

BinkBink the Ducker (Merfolk Monk)                  Turns: 4232, Time: 00:06:42

Health: -1/56      AC:  6    Str: 11    XL:     7   Next: 74%
Magic:  7/7        EV: 13    Int: 10    God:    Qazlal [**....]
Gold:   229        SH:  3    Dex: 18    Spells: 6/6 levels left

rFire   + . .        g - +2 dagger (speed)
rCold   + . .        d - orb {light}
rNeg    . . .        e - +1 ring mail {rC+}
rPois   .            (no helmet)
rElec   .            (no cloak)
rCorr   .            (no gloves)
SInv    .            (no boots)
Will    .....        (no amulet)
Stlth   +            x - ring of protection from fire
HPRegen 0.29/turn    (no ring)
MPRegen 0.10/turn

%: no passive effects
@: glowing, studying Shields
A: (nimble swimmer 2), mertail
a: Renounce Religion, Upheaval


You were on level 5 of the Dungeon.
You worshipped Qazlal.
Qazlal was pleased with you.
You visited 2 branches of the dungeon, and saw 6 of its levels.

You collected 229 gold pieces.

Inventory:

Hand Weapons
 a - a +0 falchion
 g - a +2 dagger of speed (weapon)
 i - a +0 triple sword
 m - a +4 dagger of distortion
Armour
 b - a +0 robe
 d - an orb of light (worn)
 e - a +1 ring mail of cold resistance (worn)
Jewellery
 k - a ring of magical power
 t - a ring of fire
 x - a ring of protection from fire (left hand)
Wands
 r - a wand of light (11)
 u - a wand of polymorph (3)
Scrolls
 l - a scroll of enchant weapon
 q - a scroll of fog
 s - a scroll of vulnerability
 v - a scroll of revelation {unknown}
 w - a scroll of torment {unknown}
Potions
 f - a potion of magic {unknown}
 h - 2 potions of might {unknown}
 j - 2 potions of cancellation {unknown}
 n - a potion of invisibility {unknown}
 o - a potion of curing {unknown}
 z - a potion of haste {unknown}


   Skills:
 + Level 5.6 Fighting
 + Level 6.1 Long Blades
 + Level 2.9 Armour
 + Level 6.7 Dodging


You had 6 spell levels left.
You didn't know any spells.
Your spell library contained the following spells:

 Spells                   Type           Power      Damage    Failure   Level
 Foxfire                  Conj/Fire      0%         2x1d4     65%         1
 Magic Dart               Conj           0%         1d3       65%         1
 Call Imp                 Summ           0%         N/A       78%         2
 Static Discharge         Conj/Air       0%         3-3/arc   78%         2
 Mephitic Cloud           Conj/Pois/Air  0%         N/A       95%         3
 Airstrike                Air            0%         2d(0-16)  100%        4
 Summon Lightning Spire   Summ/Air       0%         N/A       100%        4
 Plasma Beam              Fire/Air       0%         2x1d10    100%        6
 Starburst                Conj/Fire      0%         6d3       100%        6


Dungeon Overview and Level Annotations

Branches:
Dungeon (5/15)             Temple (1/1) D:4

Altars:
Ashenzari
Cheibriados
Dithmenos
Elyvilon
Fedhas
Gozag
Hepliaklqana
Kikubaaqudgha
Nemelex Xobeh
Okawaru
Qazlal
Sif Muna
Trog
Uskayaw
Vehumet
Wu Jian
The Shining One

Annotations:
D:5 Prince Ribbit


Innate Abilities, Weirdness & Mutations

((You are very nimble when in or above water. (Stealth+, EV+, Speed+++)))
Your lower body shifts to a powerful aquatic tail in water.


Message History

Prince Ribbit hits you!
* * * LOW HITPOINT WARNING * * *
You are confused.
You feel invigorated. Prince Ribbit barely misses you.
You're too confused to move!
Prince Ribbit completely misses you.
Found 7 gold pieces.
Found a stone staircase leading down.
Prince Ribbit hits you.
* * * LOW HITPOINT WARNING * * *
Prince Ribbit hits you!
* * * LOW HITPOINT WARNING * * *
Prince Ribbit barely misses you.
Prince Ribbit hits you but does no damage.
Prince Ribbit closely misses you.
You miss Prince Ribbit.
Prince Ribbit is moderately wounded.
You miss Prince Ribbit.
Prince Ribbit is moderately wounded.
Prince Ribbit hits you.
* * * LOW HITPOINT WARNING * * *
Found a tubular tourmaline ring and 6 gold pieces.
Prince Ribbit barely misses you.
You feel less invigorated.
You feel less confused.
Prince Ribbit attacks as he pursues you!
Prince Ribbit hits you. x2
* * * LOW HITPOINT WARNING * * *
You hit Prince Ribbit but do no damage.
Prince Ribbit is moderately wounded.
Prince Ribbit hits you.
* * * LOW HITPOINT WARNING * * *
You barely miss Prince Ribbit.
Prince Ribbit is moderately wounded.
You hit Prince Ribbit.
Prince Ribbit is heavily wounded.
Prince Ribbit hits you.
* * * LOW HITPOINT WARNING * * *
You hit Prince Ribbit.
Prince Ribbit is heavily wounded.
Prince Ribbit hits you!
You die...

.......##......# ...
.... ......#...##...
...##...##..........# .#
..$........##.....†## .
.$........###.....####.
...........##...........
....... #.#.#....##.....
.......##...#....###.$..
.=.....@F...$.....# ....
....#.............# ...
. #.......##....# .#
#.......##.........
#.......# ...##..$#
##.....## ..## ##.#
#....... ..# .# >.......
... ......# ..


You could see Prince Ribbit.

Vanquished Creatures
  Sigmund (D:3)
  Menkaure (D:4)
  A bullfrog (D:4)
  2 scorpions
  An orc priest (D:3)
  Terence (D:2)
  An iguana (D:5)
  Ijyb (D:4)
  Robin (D:2)
  5 adders
  3 worms (D:2)
  5 dart slugs
  12 orcs
  3 bats
  12 endoplasms
  3 giant cockroaches
  12 goblins
  5 hobgoblins
  8 quokkas
  12 ball pythons
  3 frilled lizards
  11 kobolds
  6 rats
110 creatures vanquished.

Vanquished Creatures (others)
  A goblin (D:2)
1 creature vanquished.

Grand Total: 111 creatures vanquished

Notes
Turn   | Place    | Note
-------+----------+-------------------------------------------
     0 | D:1      | BinkBink the Merfolk Monk began the quest for the Orb.
     0 | D:1      | Reached XP level 1. HP: 18/18 MP: 1/1
   278 | D:1      | Reached XP level 2. HP: 24/24 MP: 2/2
   506 | D:1      | Found a faded altar of an unknown god.
   534 | D:1      | Reached XP level 3. HP: 29/29 MP: 3/3
  1358 | D:2      | Noticed Terence
  1386 | D:2      | Killed Terence
  1387 | D:2      | Reached skill level 1 in Armour
  1387 | D:2      | Reached XP level 4. HP: 11/37 MP: 4/4
  1809 | D:2      | Noticed Robin
  1827 | D:2      | Killed Robin
  1828 | D:2      | Reached skill level 5 in Dodging
  1917 | D:2      | Reached XP level 5. HP: 42/42 MP: 5/5
  2129 | D:3      | Noticed Sigmund
  2157 | D:3      | Killed Sigmund
  2158 | D:3      | Reached skill level 5 in Long Blades
  2158 | D:3      | Reached XP level 6. HP: 39/49 MP: 6/6
  2857 | D:3      | Found a hazy altar of Hepliaklqana.
  2879 | D:3      | Found a hide-covered altar of Uskayaw.
  2946 | D:4      | Found a staircase to the Ecumenical Temple.
  2950 | D:4      | Noticed Ijyb
  2955 | Temple   | Entered the Ecumenical Temple
  2958 | Temple   | Reached skill level 5 in Fighting
  2974 | Temple   | Became a worshipper of Qazlal Stormbringer
  2974 | Temple   | Reached * piety under Qazlal
  2974 | Temple   | Reached ** piety under Qazlal
  3019 | D:4      | Killed Ijyb
  3020 | D:4      | Reached XP level 7. HP: 42/56 MP: 7/7
  3139 | D:4      | Noticed Menkaure
  3152 | D:4      | Killed Menkaure
  3879 | D:4      | Found a glowing golden altar of the Shining One.
  4048 | D:4      | Found a blossoming altar of Fedhas.
  4105 | D:5      | Entered Level 5 of the Dungeon
  4207 | D:5      | Noticed Prince Ribbit
  4232 | D:5      | Slain by Prince Ribbit

Illustrated notes

Levels and vault maps discovered:
D:1:      dpeg_arrival_round_b, layout_basic, ebering_ecumenical_altar_ruins
D:2:      minmay_angry_zag, layout_basic, skrybe_limestone_x, hex_large,
          feat_on_display, uniq_terence, uniq_robin
D:3:      layout_loops_ring, minitemple, uniq_sigmund
D:4:      layout_gridville, lemuel_doored_altar, mainiacjoe_overflow_alcove_2,
          minmay_temple_entry_offerings, minmay_manual_mandibuliform,
          uniq_menkaure, uniq_ijyb
D:5:      minmay_chambers_of_fours, layout_cave_pools, uniq_prince_ribbit1
Temple:   cyrus_circular_temple

Skill      XL: |  1  2  3  4  5  6  7 |
---------------+----------------------+-----
Long Blades    | 4 5 6 |  6.1
Fighting       | 4 5 |  5.6
Armour         | 1 2 |  2.9
Dodging        | 5 6 |  6.7

Action                     |  1- 3 |  4- 6 |  7- 9 || total
---------------------------+-------+-------+-------++-------
  Melee: Falchion          |    23 |       |       ||    23
         Dagger            |   115 |   228 |   130 ||   473
         Tailslap          |     1 |       |       ||     1
         Unarmed           |       |    25 |       ||    25
    Use: Scroll            |     1 |       |     2 ||     3
         Potion            |       |       |     1 ||     1
 Armour: Ring mail         |    36 |    61 |    39 ||   136
         Skin              |       |     9 |       ||     9
  Dodge: Dodged            |    60 |    93 |    59 ||   212
  Block: Other             |       |     1 |       ||     1
         Orb               |       |       |    12 ||    12

Table legend: (Time is in decaauts)
 A = Elapsed time spent in this place.
 B = Non-inter-level travel time spent in this place.
 C = Inter-level travel time spent in this place.
 D = Time resting spent in this place.
 E = Time spent auto-exploring this place.
 F = Levels seen in this place.
 G = Mean time per level.
                   A        B        C        D        E       F      G
               +--------+--------+--------+--------+--------+-----+--------+
         Total |   4025 |   3905 |    120 |    547 |   2586 |   6 |  670.8 |
       Dungeon |   3994 |   3885 |    109 |    547 |   2586 |   5 |  798.8 |
        Temple |     30 |     19 |     11 |      0 |      0 |   1 |   30.0 |
               +--------+--------+--------+--------+--------+-----+--------+

Top non-repeatable levels by time:
     D:1: 1087 daAuts
     D:4: 1081 daAuts
     D:2: 944 daAuts
     D:3: 766 daAuts
     D:5: 114 daAuts
  Temple: 30 daAuts
